| TOP OF THE 1ST |
|
Minnesota (NYP) Twins batting - Pitching for Everett AquaSox : RHP Ron Skiles
|
|
Pitching: RHP Ron Skiles
|
|
|
Batting: RHB Caleb Bockmann
|
0-0: Fly out, F8 (Flyball, 8RXD, EV 91.2 MPH)
|
|
Batting: RHB David McClellan
|
0-0: Ball 1-0: Foul Ball, location: 2F 1-1: SINGLE (Groundball, 56D, EV 103.8 MPH)
|
|
Batting: LHB Hector Olvera
|
0-0: Foul Ball, location: 2F 0-1: Called Strike 0-2: Ball 1-2: Foul Ball, location: 2F 1-2: Ball 2-2: Strikes out swinging
|
|
Batting: RHB Nate Matson
|
0-0: Foul Ball, location: 2F 0-1: Fielders Choice at 2nd, 6-4 (Groundball, 56, EV 93.8 MPH)
|
| Top of the 1st over - 0 runs, 1 hit, 0 errors, 1 left on base; Minnesota (NYP) 0 - Everett 0 |
| BOTTOM OF THE 1ST |
|
Everett AquaSox batting - Pitching for Minnesota (NYP) Twins : RHP Miguel Montelongo
|
|
Pitching: RHP Miguel Montelongo
|
|
|
Batting: RHB John Vasquez
|
0-0: Swinging Strike 0-1: Ball 1-1: Ball 2-1: Bunt missed! 2-2: Ball 3-2: Fly out, F4 (Line Drive, 4, EV 63.1 MPH)
|
|
Batting: RHB Tomokazu Sugimoto
|
0-0: Swinging Strike 0-1: Ground out 5-3 (Groundball, 56, EV 95.6 MPH)
|
|
Batting: RHB Bryan Alfaro
|
0-0: SINGLE (Line Drive, 89S, EV 87.5 MPH)
|
|
Batting: RHB Ivan Davila
|
0-0: Called Strike 0-1: Ball 1-1: Ball 2-1: Ball 3-1: SINGLE (Groundball, 6D, EV 98.8 MPH) Bryan Alfaro to second Runner from 2nd tries for 3rd, SAFE, throw by CF made to third
|
|
Batting: SHB Tony Morales
|
0-0: Ball 1-0: Ball 2-0: Called Strike 2-1: Ball 3-1: Foul Ball, location: 2F 3-2: Foul Ball, location: 2F 3-2: SINGLE (Flyball, 6D, EV 90.6 MPH) Bryan Alfaro scores Ivan Davila to second Ivan Davila to third
|
|
Batting: RHB Antonio Oyola
|
0-0: Ball 1-0: Called Strike 1-1: SINGLE (Groundball, 6MD, EV 104.4 MPH) Ivan Davila scores Tony Morales to second Runner from 2nd tries for 3rd, SAFE, throw by CF made to third
|
|
Batting: SHB Raghnall Ahearne
|
0-0: Fly out, F7 (Line Drive, 7LM, EV 92.5 MPH)
|
| Bottom of the 1st over - 2 runs, 4 hits, 0 errors, 2 left on base; Minnesota (NYP) 0 - Everett 2 |
| TOP OF THE 2ND |
|
Minnesota (NYP) Twins batting - Pitching for Everett AquaSox : RHP Ron Skiles
|
|
Batting: RHB Steve Raine
|
0-0: Ball 1-0: Fly out, F5 (Popup, 5F, EV 68.8 MPH)
|
|
Batting: RHB Chris Bejarano
|
0-0: Ball 1-0: Swinging Strike 1-1: Foul Ball, location: 2F 1-2: Foul Ball, location: 2F 1-2: Ball 2-2: Ball 3-2: Base on Balls
|
|
Batting: LHB Ben Roth
|
0-0: Ball 1-0: Called Strike 1-1: Fly out, F8 (Flyball, 8LM, EV 93.1 MPH)
|
|
Batting: RHB Fernando Bravo
|
0-0: Called Strike 0-1: Ball 1-1: Swinging Strike 1-2: Strikes out swinging
|
| Top of the 2nd over - 0 runs, 0 hits, 0 errors, 1 left on base; Minnesota (NYP) 0 - Everett 2 |
| BOTTOM OF THE 2ND |
|
Everett AquaSox batting - Pitching for Minnesota (NYP) Twins : RHP Miguel Montelongo
|
|
Batting: RHB Rich Justice
|
0-0: Called Strike 0-1: Swinging Strike 0-2: Ball 1-2: Strikes out looking
|
|
Batting: RHB Egidius Kruger
|
0-0: Called Strike 0-1: Hit by Pitch
|
|
Batting: RHB John Vasquez
|
0-0: Called Strike 0-1: Ball 1-1: Ball 2-1: Foul Ball, location: 2F 2-2: Foul Ball, location: 2F 2-2: Hit by Pitch Egidius Kruger to second
|
|
Batting: RHB Tomokazu Sugimoto
|
0-0: SINGLE (Line Drive, 8LS, EV 113.8 MPH) Egidius Kruger to third John Vasquez to second
|
|
Batting: RHB Bryan Alfaro
|
0-0: Called Strike 0-1: Foul Ball, location: 2F 0-2: Ball 1-2: Ball 2-2: Strikes out swinging
|
|
Batting: RHB Ivan Davila
|
0-0: Foul Ball, location: 2F 0-1: Fly out, F8 (Flyball, 8RM, EV 76.9 MPH)
|
| Bottom of the 2nd over - 0 runs, 1 hit, 0 errors, 3 left on base; Minnesota (NYP) 0 - Everett 2 |
| TOP OF THE 3RD |
|
Minnesota (NYP) Twins batting - Pitching for Everett AquaSox : RHP Ron Skiles
|
|
Batting: LHB Jose Hilario
|
0-0: Ball 1-0: Ball 2-0: Ball 3-0: Called Strike 3-1: Foul Ball, location: 2F 3-2: Fly out, F5 (Popup, 5SF, EV 76.2 MPH)
|
|
Pitching: RHP Raul Lopez
|
|
|
Batting: RHB Caleb Bockmann
|
0-0: Ball 1-0: Foul Ball, location: 2F 1-1: SINGLE (Flyball, 8RS, EV 97.5 MPH)
|
|
Batting: RHB David McClellan
|
0-0: Ball Caleb Bockmann is caught stealing 2nd base 2-4 1-0: Ball 2-0: Called Strike 2-1: Ball 3-1: Base on Balls
|
|
Batting: LHB Hector Olvera
|
0-0: Ball 1-0: Ball David McClellan steals 2nd, throwing error, E2 David McClellan to third 2-0: Called Strike 2-1: Ball 3-1: Ground out 6-3 (Groundball, 6, EV 92.5 MPH)
|
| Top of the 3rd over - 0 runs, 1 hit, 1 error, 1 left on base; Minnesota (NYP) 0 - Everett 2 |
| BOTTOM OF THE 3RD |
|
Everett AquaSox batting - Pitching for Minnesota (NYP) Twins : RHP Miguel Montelongo
|
|
Batting: SHB Tony Morales
|
0-0: Ball 1-0: Called Strike 1-1: Foul Ball, location: 2F 1-2: Ground out 6-3 (Groundball, 6M, EV 83.1 MPH)
|
|
Batting: RHB Antonio Oyola
|
0-0: Called Strike 0-1: Ball 1-1: Ground out 2-3 (Groundball, 2R, EV 70.6 MPH)
|
|
Batting: SHB Raghnall Ahearne
|
0-0: Ball 1-0: Swinging Strike 1-1: Foul Ball, location: 2F 1-2: Ball 2-2: Strikes out looking
|
| Bottom of the 3rd over - 0 runs, 0 hits, 0 errors, 0 left on base; Minnesota (NYP) 0 - Everett 2 |
| TOP OF THE 4TH |
|
Minnesota (NYP) Twins batting - Pitching for Everett AquaSox : RHP Raul Lopez
|
|
Batting: RHB Nate Matson
|
0-0: Ball 1-0: Ball 2-0: Swinging Strike 2-1: Ball 3-1: SINGLE (Flyball, 78S, EV 95.0 MPH)
|
|
Batting: RHB Steve Raine
|
0-0: Ball 1-0: Fly out, F8 (Flyball, 8RM, EV 83.8 MPH)
|
|
Batting: RHB Chris Bejarano
|
0-0: Ball 1-0: Called Strike 1-1: Ball 2-1: Foul Ball, location: 2F 2-2: Ball 3-2: Fielders Choice at 2nd, 4-6 (Groundball, 4D, EV 81.2 MPH)
|
|
Batting: LHB Ben Roth
|
0-0: Ball 1-0: Foul Ball, location: 2F 1-1: Ball 2-1: Ground out U3 (Groundball, 3, EV 102.5 MPH)
|
| Top of the 4th over - 0 runs, 1 hit, 0 errors, 1 left on base; Minnesota (NYP) 0 - Everett 2 |
| BOTTOM OF THE 4TH |
|
Everett AquaSox batting - Pitching for Minnesota (NYP) Twins : RHP Miguel Montelongo
|
|
Batting: RHB Rich Justice
|
0-0: Ground out U3 (Groundball, 3, EV 77.5 MPH)
|
|
Batting: RHB Egidius Kruger
|
0-0: Called Strike 0-1: Ball 1-1: SINGLE (Line Drive, 8LS, EV 106.2 MPH)
|
|
Batting: RHB John Vasquez
|
0-0: Called Strike 0-1: Called Strike Egidius Kruger steals 2nd base 0-2: Ball 1-2: Ball 2-2: Fly out, F9 (Line Drive, 9D, EV 91.2 MPH)
|
|
Batting: RHB Tomokazu Sugimoto
|
0-0: Ball 1-0: Ball 2-0: Foul Ball, location: 2F 2-1: Ball 3-1: Foul Ball, location: 2F 3-2: Foul Ball, location: 2F 3-2: Base on Balls
|
|
Batting: RHB Bryan Alfaro
|
0-0: Called Strike 0-1: Ball 1-1: Foul Ball, location: 2F 1-2: Fly out, F7 (Flyball, 7, EV 86.2 MPH)
|
| Bottom of the 4th over - 0 runs, 1 hit, 0 errors, 2 left on base; Minnesota (NYP) 0 - Everett 2 |
| TOP OF THE 5TH |
|
Minnesota (NYP) Twins batting - Pitching for Everett AquaSox : RHP Raul Lopez
|
|
Batting: RHB Fernando Bravo
|
0-0: SINGLE (Line Drive, 78S, EV 101.9 MPH)
|
|
Batting: LHB Jose Hilario
|
0-0: Ball 1-0: Ball 2-0: Called Strike 2-1: Ball 3-1: Swinging Strike 3-2: Strikes out swinging
|
|
Batting: RHB Caleb Bockmann
|
0-0: Swinging Strike 0-1: Fly out, F6 (Line Drive, 6, EV 67.5 MPH)
|
|
Batting: RHB David McClellan
|
0-0: Swinging Strike 0-1: Swinging Strike Passed Ball! Fernando Bravo to second 0-2: Foul Ball, location: 2F 0-2: Fly out, F7 (Flyball, 78M, EV 78.1 MPH)
|
| Top of the 5th over - 0 runs, 1 hit, 0 errors, 1 left on base; Minnesota (NYP) 0 - Everett 2 |
| BOTTOM OF THE 5TH |
|
Everett AquaSox batting - Pitching for Minnesota (NYP) Twins : RHP Miguel Montelongo
|
|
Batting: RHB Ivan Davila
|
0-0: Called Strike 0-1: Foul Ball, location: 2F 0-2: Fly out, F7 (Flyball, 7, EV 89.4 MPH)
|
|
Pitching: RHP Karel Braaksma
|
|
|
Batting: SHB Tony Morales
|
0-0: Called Strike 0-1: Ground out 5-3 (Groundball, 5L, EV 82.5 MPH)
|
|
Batting: RHB Antonio Oyola
|
0-0: Hit by Pitch
|
|
Batting: SHB Raghnall Ahearne
|
0-0: Ball 1-0: Ball 2-0: Ball 3-0: Called Strike 3-1: Foul Ball, location: 2F Balk! Antonio Oyola to second 3-2: Strikes out swinging
|
| Bottom of the 5th over - 0 runs, 0 hits, 0 errors, 1 left on base; Minnesota (NYP) 0 - Everett 2 |
| TOP OF THE 6TH |
|
Minnesota (NYP) Twins batting - Pitching for Everett AquaSox : RHP Raul Lopez
|
|
Batting: LHB Hector Olvera
|
0-0: Ball 1-0: Swinging Strike 1-1: SINGLE (Groundball, 34S, EV 86.2 MPH) (infield hit)
|
|
Batting: RHB Nate Matson
|
0-0: Called Strike 0-1: Foul Ball, location: 2F 0-2: Ball 1-2: Ball 2-2: Fly out, F7 (Line Drive, 7LM, EV 105.6 MPH)
|
|
Batting: RHB Steve Raine
|
0-0: Called Strike 0-1: Ball 1-1: Foul Ball, location: 2F 1-2: Ball 2-2: Ball 3-2: Base on Balls Hector Olvera to second
|
|
Batting: RHB Chris Bejarano
|
0-0: Fielders Choice at 2nd, 3-6 (Groundball, 34, EV 92.5 MPH) Hector Olvera to third
|
|
Pitching: RHP Ke-yong Khoo
|
|
|
Batting: LHB Ben Roth
|
0-0: Called Strike 0-1: Ground out 4-3 (Groundball, 4, EV 78.1 MPH)
|
| Top of the 6th over - 0 runs, 1 hit, 0 errors, 2 left on base; Minnesota (NYP) 0 - Everett 2 |
| BOTTOM OF THE 6TH |
|
Everett AquaSox batting - Pitching for Minnesota (NYP) Twins : RHP Karel Braaksma
|
|
Batting: RHB Rich Justice
|
0-0: Ball 1-0: Ground out 5-3 (Groundball, 56, EV 96.9 MPH)
|
|
Batting: RHB Egidius Kruger
|
0-0: Called Strike 0-1: Foul Ball, location: 2F 0-2: Ball 1-2: Ball 2-2: Strikes out swinging
|
|
Batting: RHB John Vasquez
|
0-0: Ball 1-0: Ball 2-0: DOUBLE (Groundball, 5L, EV 107.5 MPH)
|
|
Batting: RHB Tomokazu Sugimoto
|
0-0: Called Strike 0-1: Ball 1-1: Ball 2-1: Foul Ball, location: 2F 2-2: Strikes out swinging
|
| Bottom of the 6th over - 0 runs, 1 hit, 0 errors, 1 left on base; Minnesota (NYP) 0 - Everett 2 |
| TOP OF THE 7TH |
|
Minnesota (NYP) Twins batting - Pitching for Everett AquaSox : RHP Ke-yong Khoo
|
|
Batting: RHB Fernando Bravo
|
0-0: Called Strike 0-1: Ball 1-1: Foul Ball, location: 2F 1-2: Foul Ball, location: 2F 1-2: Ball 2-2: SINGLE (Line Drive, 6D, EV 103.8 MPH)
|
|
Batting: LHB Jose Hilario
|
0-0: Ball 1-0: Ball 2-0: Foul Ball, location: 2F 2-1: Foul Ball, location: 2F 2-2: Strikes out swinging
|
|
Batting: RHB Caleb Bockmann
|
0-0: Foul Ball, location: 2F 0-1: Ball 1-1: Swinging Strike 1-2: Ball 2-2: Foul Ball, location: 2F 2-2: Foul Ball, location: 2F 2-2: Foul Ball, location: 2F 2-2: Ball 3-2: Fielders Choice at 2nd, 5-4 (Groundball, 5, EV 92.5 MPH)
|
|
Pitching: LHP Kevin Roberts
|
|
|
Batting: RHB David McClellan
|
0-0: Called Strike 0-1: Fly out, F8 (Flyball, 8LD, EV 82.5 MPH)
|
| Top of the 7th over - 0 runs, 1 hit, 0 errors, 1 left on base; Minnesota (NYP) 0 - Everett 2 |
| BOTTOM OF THE 7TH |
|
Everett AquaSox batting - Pitching for Minnesota (NYP) Twins : RHP Karel Braaksma
|
|
Batting: RHB Bryan Alfaro
|
0-0: Ball 1-0: Ball 2-0: Swinging Strike 2-1: Ground out 6-3 (Groundball, 6M, EV 81.9 MPH)
|
|
Batting: RHB Ivan Davila
|
0-0: Foul Ball, location: 2F 0-1: Ground out 4-3 (Groundball, 4, EV 80.6 MPH)
|
|
Batting: SHB Tony Morales
|
0-0: Fly out, F8 (Flyball, 78XD, EV 106.2 MPH)
|
| Bottom of the 7th over - 0 runs, 0 hits, 0 errors, 0 left on base; Minnesota (NYP) 0 - Everett 2 |
| TOP OF THE 8TH |
|
Minnesota (NYP) Twins batting - Pitching for Everett AquaSox : LHP Kevin Roberts
|
|
Batting: LHB Hector Olvera
|
0-0: Ball 1-0: Ground out 4-3 (Groundball, 4, EV 100.6 MPH)
|
|
Batting: RHB Nate Matson
|
0-0: Ball 1-0: Ball 2-0: Foul Ball, location: 2F 2-1: Ground out 6-3 (Groundball, 56, EV 87.5 MPH)
|
|
Batting: RHB Steve Raine
|
0-0: Ball 1-0: Foul Ball, location: 2F 1-1: Called Strike 1-2: Strikes out swinging
|
| Top of the 8th over - 0 runs, 0 hits, 0 errors, 0 left on base; Minnesota (NYP) 0 - Everett 2 |
| BOTTOM OF THE 8TH |
|
Everett AquaSox batting - Pitching for Minnesota (NYP) Twins : RHP Karel Braaksma
|
|
Batting: RHB Antonio Oyola
|
0-0: Called Strike 0-1: SINGLE (Line Drive, 8RS, EV 88.1 MPH)
|
|
Pitching: LHP Travis Joyal
|
|
|
Batting: SHB Raghnall Ahearne
|
0-0: Bunted foul 0-1: Ball 1-1: Bunt missed! 1-2: Ball Wild Pitch! Antonio Oyola to second 2-2: Foul Ball, location: 2F 2-2: Ball 3-2: Foul Ball, location: 2F 3-2: Foul Ball, location: 2F 3-2: Base on Balls
|
|
Batting: RHB Rich Justice
|
0-0: Bunt missed! 0-1: Ball 1-1: Sac Bunt to 23 - play at first, batter OUT! 3-4 Antonio Oyola to third Raghnall Ahearne to second
|
|
Batting: RHB Egidius Kruger
|
0-0: TRIPLE (Flyball, 8LXD, EV 93.1 MPH) Antonio Oyola scores Raghnall Ahearne scores
|
|
Batting: RHB John Vasquez
|
0-0: Called Strike 0-1: Ground out 2-3 (Groundball, 2L, EV 67.5 MPH)
|
|
Batting: RHB Tomokazu Sugimoto
|
0-0: Ball 1-0: Called Strike 1-1: Ball 2-1: Foul Ball, location: 2F 2-2: Ground out 4-3 (Groundball, 4, EV 84.4 MPH)
|
| Bottom of the 8th over - 2 runs, 2 hits, 0 errors, 1 left on base; Minnesota (NYP) 0 - Everett 4 |
| TOP OF THE 9TH |
|
Minnesota (NYP) Twins batting - Pitching for Everett AquaSox : LHP Kevin Roberts
|
|
Batting: RHB Chris Bejarano
|
0-0: Ball 1-0: Called Strike 1-1: Ball 2-1: SINGLE (Line Drive, 78S, EV 105.0 MPH)
|
|
Batting: LHB Ben Roth
|
0-0: Called Strike 0-1: Foul Ball, location: 2F 0-2: Ball 1-2: Ball 2-2: Ground out 6-3 (Groundball, 6S, EV 71.9 MPH) Chris Bejarano to second
|
|
Batting: RHB Fernando Bravo
|
0-0: Called Strike 0-1: Ball 1-1: Swinging Strike 1-2: Strikes out looking
|
|
Batting: LHB Jose Hilario
|
0-0: Ball 1-0: Swinging Strike 1-1: Fly out, F7 (Flyball, 7LS, EV 86.9 MPH)
|
| Top of the 9th over - 0 runs, 1 hit, 0 errors, 1 left on base; Minnesota (NYP) 0 - Everett 4 |
|